 Dungeon Sprint DCSS version 0.18-a0-1157-g59db91b (console) character file.

271 sorlin the Carver (level 6, -2/51 HPs)
             Began as a Minotaur Berserker on Jan 24, 2016.
             Was a Priest of Trog.
             Slain by a shadow (13 damage)
             ... in the Dungeon (Sprint III: "The Ten Rune Challenge").
             The game lasted 00:02:09 (430 turns).

sorlin the Carver (Minotaur Berserker)               Turns: 430, Time: 00:02:09

Health: -2/51      AC:  2    Str: 22    XL:     6   Next: 2%
Magic:  5/5        EV: 12    Int:  4    God:    Trog [***...]
Gold:   38         SH:  0    Dex: 11    Spells: 0 memorised, 5 levels left

rFire  . . .     SeeInvis .     a - +0 falchion
rCold  . . .     Gourm    .     b - +0 animal skin
rNeg   . . .     Faith    .     (no shield)
rPois  .         Spirit   .     (helmet restricted)
rElec  .         Dismiss  .     (no cloak)
rCorr  .         Reflect  .     (no gloves)
SustAt .         Harm     .     (no boots)
MR     ++...     NoTele   +     (no amulet)
Stlth  +.........               (no ring)
                                (no ring)

@: regenerating, very resistant to hostile enchantments, very unstealthy
A: retaliatory headbutt, horns 2
a: Berserk, Trog's Hand, Burn Spellbooks, Renounce Religion


You were in the Dungeon.
You worshipped Trog.
Trog was most pleased with you.
You were not hungry.

You visited 1 branch You collected 38 gold pieces.

Inventory:

Hand Weapons
 a - a +0 falchion (weapon)
Armour
 b - a +0 animal skin (worn)
Scrolls
 i - a scroll of blinking
 m - 3 scrolls of holy word
 n - a scroll of remove curse
 r - a scroll of magic mapping {unknown}
Potions
 d - a potion of curing
 e - a potion of heal wounds
 f - a potion of haste
 g - 2 potions of magic
 h - a potion of berserk rage
 l - 2 potions of mutation {unknown}
 p - 3 potions of cure mutation
 q - a potion of flight
 t - a potion of invisibility {unknown}
Comestibles
 c - 2 bread rations
 j - a meat ration
 k - a chunk of flesh
 s - a royal jelly


   Skills:
 - Level 3.6 Fighting
 + Level 14.5 Long Blades
 - Level 2.4 Armour
 - Level 2.1 Dodging


You had 5 spell levels left.
You didn't know any spells.

Dungeon Overview and Level Annotations

Branches:
Dungeon (1/1)

Altars:
Cheibriados
Fedhas
Yredelemnul


Innate Abilities, Weirdness & Mutations

You reflexively headbutt those who attack you in melee.
You have a pair of horns on your head.


Message History

No target in view!
No target in view!
No target in view!
You hit something but do no damage. You barely miss something.
The shadow strikes at you from the darkness!
Reactivating autopickup.
You hit the shadow.
The shadow is severely damaged.
You hit the shadow but do no damage. Your headbutt misses the shadow.
The shadow is severely damaged.
The shadow hits you!
* * * LOW HITPOINT WARNING * * *
Your skin crawls.
You feel resistant to hostile enchantments.
You feel slightly more hungry. The shadow barely misses you.
You completely miss the shadow.
The shadow is severely damaged.
The shadow hits you!
You die...

▓▓▓ ♣.# #### ♣ ♣.#
#__# ♣♣ ♣♣.# #†_#
.♣♣♣..###+#+###)##
...♣..#..........#
≈.♣...'.⌠........#
≈≈≈♣♣.#...######@#
≈≈....#.⌠.# #.W.#
≈.....#...# #...#
......#+### #...#
......# #..%+
......# +...#
▓▓▓▓▓▓▓ ▓▓▓▓▓


You could see a shadow.

Vanquished Creatures
  A necrophage (D)
  A water elemental (D)
  A jelly (D)
  Jessica (D)
  A necromancer (D)
  A wolf (D)
  A human (D)
  2 oozes (D)
9 creatures vanquished.

Vanquished Creatures (others)
  2 draconian scorchers (D)
  A yaktaur (D)
3 creatures vanquished.

Grand Total: 12 creatures vanquished

Notes
Turn   | Place    | Note
--------------------------------------------------------------
     0 | D        | sorlin the Minotaur Berserker began the quest for the Orb.
     0 | D        | Reached XP level 1. HP: 19/19 MP: 0/0
     7 | D        | Reached skill level 5 in Long Blades
     8 | D        | Reached ** piety under Trog
     8 | D        | Reached skill level 6 in Long Blades
     8 | D        | Reached XP level 2. HP: 21/26 MP: 1/1
    76 | D        | Noticed Jessica
    81 | D        | Killed Jessica
    81 | D        | Reached skill level 8 in Long Blades
    81 | D        | Reached XP level 3. HP: 31/31 MP: 2/2
    98 | D        | Killed a yaktaur
   139 | D        | Reached skill level 9 in Long Blades
   141 | D        | Reached *** piety under Trog
   141 | D        | Reached skill level 10 in Long Blades
   141 | D        | Reached XP level 4. HP: 39/39 MP: 3/3
   161 | D        | Killed a white draconian scorcher
   194 | D        | Noticed a water elemental
   200 | D        | Killed a water elemental
   200 | D        | Reached skill level 12 in Long Blades
   200 | D        | Reached XP level 5. HP: 45/45 MP: 4/4
   210 | D        | Killed a white draconian scorcher
   241 | D        | Found a basalt altar of Yredelemnul.
   241 | D        | Found a snail-covered altar of Cheibriados.
   241 | D        | Found a blossoming altar of Fedhas.
   241 | D        | Noticed a necrophage
   253 | D        | Killed a necrophage
   253 | D        | Reached skill level 14 in Long Blades
   313 | D        | Reached XP level 6. HP: 32/51 MP: 5/5
   422 | D        | Noticed a shadow
   430 | D        | Slain by a shadow

Vault maps used:
D:        dungeon_sprint_mu

Action                   |  1- 3 |  4- 6 || total
-------------------------+-------+-------++-------
Melee: Falchion          |    11 |    25 ||    36
Invok: Berserk           |     2 |     1 ||     3
       Trog's Hand       |       |     1 ||     1
  Use: Scroll            |       |     3 ||     3
  Eat: Chunk             |       |     2 ||     2
